 Dungeon Crawl Stone Soup version 0.31-a0-237-g2d982f9f85 (webtiles) character file.

Game seed: 14222242127856553629

1096 qw the Skirmisher (level 8, -1/49 HPs)
             Began as a Gargoyle Hexslinger on July 11, 2023.
             Slain by a centaur
             ... wielding a +5 heavy spear
              (9 damage)
             ... on level 5 of the Dungeon.
             The game lasted 00:01:22 (3180 turns).

qw the Skirmisher (Gargoyle Hexslinger)             Turns: 3180, Time: 00:01:22

Health: -1/49      AC: 12    Str: 12    XL:     8   Next: 31%
Magic:  9/9        EV: 11    Int: 14    God:
Gold:   283        SH:  0    Dex: 20    Spells: 8/9 levels left

rFire   . . .        Y - +1 sling (freeze)
rCold   . . .        (no shield)
rNeg    + . .        j - +0 ring mail
rPois   inf          (no helmet)
rElec   +            m - +0 cloak
rCorr   +            (no gloves)
SInv    .            (no boots)
Will    .....        (no amulet)
Stlth   +            b - +6 ring of dexterity
HPRegen 0.28/turn    l - ring of resist corrosion
MPRegen 0.11/turn

%: no passive effects
@: about to teleport
A: sickness immunity, AC +5, negative energy resistance 1, electricity
resistance, torment resistance 1, petrification resistance
a: no special abilities


You were on level 5 of the Dungeon.
You visited 1 branch of the dungeon, and saw 5 of its levels.

You collected 283 gold pieces.


Innate Abilities, Weirdness & Mutations

You are immune to sickness and miasma.
Your stone body is resilient. (AC +5)
You are immune to poison.
You resist negative energy. (rN+)
You are resistant to electric shocks. (rElec)
You are resistant to unholy torment.
You are immune to petrification.


   Skills:
 - Level 5.0 Fighting
 - Level 8.1 Ranged Weapons
 + Level 1.6 Armour
 - Level 2.4 Dodging
 - Level 1.0 Spellcasting
 - Level 2.6 Hexes


You had 8 spell levels left.
You knew the following spells:

 Your Spells              Type           Power      Damage    Failure   Level
a - Slow                  Hex            32%        N/A       19%         1

Your spell library contained the following spells:

 Spells                   Type           Power      Damage    Failure   Level
 Inner Flame              Hex/Fire       4%         N/A       69%         3
 Portal Projectile        Hex/Tloc       8%         N/A       69%         3
 Cause Fear               Hex            4%         N/A       88%         4

Inventory:

Hand Weapons
 Y - a +1 sling of freezing (weapon)
Armour
 j - a +0 ring mail (worn)
 m - a +0 cloak (worn)
Jewellery
 b - a +6 ring of dexterity (left hand)
 h - a ring of fire
 l - a ring of resist corrosion (right hand)
Scrolls
 g - 3 scrolls of identify
Potions
 a - a potion of cancellation {unknown}
 e - a potion of enlightenment
 f - a potion of might
 n - a potion of haste
 o - a potion of heal wounds {unknown}

Dungeon Overview and Level Annotations

Branches:
Dungeon (5/15)
 Temple: D:4-7

Altars:

Annotations:
D:5 2 runed translucent doors


Message History

Your Fighting skill increases to level 5!
You shoot a sling bullet.
The sling bullet completely misses the phantom.
The centaur unwields a +5 heavy spear.
The centaur wields a +0 shortbow.
The centaur shoots an arrow.
The arrow hits you! The phantom barely misses you.
You shoot a sling bullet.
The sling bullet hits the phantom but does no damage.
The centaur shoots an arrow.
The arrow barely misses you. The phantom misses you.
You shoot a sling bullet. The sling bullet hits the phantom.
The phantom is lightly damaged.
The centaur unwields a +0 shortbow.
The centaur wields a +5 heavy spear.
The centaur completely misses you. The centaur kicks you. The phantom hits you.
You shoot a sling bullet.
The sling bullet closely misses the phantom.
The centaur hits you but does no damage.
The centaur kicks you.
The phantom hits you but does no damage.
You shoot a sling bullet. The sling bullet hits the phantom.
The phantom is lightly damaged.
The centaur barely misses you.
The centaur kicks you but does no damage.
The phantom hits you. The phantom completely misses you.
You shoot a sling bullet. The sling bullet hits the phantom.
The phantom is moderately damaged.
The centaur hits you with a +5 heavy spear!
The centaur kicks you but does no damage.
The phantom hits you but does no damage.
The centaur hits you with a +5 heavy spear.
The centaur misses you.
You shoot a sling bullet. The sling bullet misses the phantom.
The phantom hits you but does no damage.
The centaur hits you with a +5 heavy spear!
The centaur kicks you but does no damage.
3180 ||| READING scroll of teleportation.
As you read the scroll of teleportation, it crumbles to dust.
You feel strangely unstable.
The phantom hits you but does no damage.
The centaur hits you with a +5 heavy spear!
You die...

#..>...... #......... #.........
##..#.##..# #). #....####..
....#..z..)# #...#####..
#...#8....8 ##Y##.##... #
##.#.##8hz8##### #.....##..
.#.....##++##.@W# #..#......
..............#c.# #.........
#.....?.....#.## #.......#.
####..........##. ##.......#.
#......<..##...######..........
##..##.............).....(.....#
...###..........#...............
.........#....####.....)........
.#.......#......##...#........#.


You could see a phantom and a centaur.

Vanquished Creatures
  Sigmund (D:4)
  2 ice beasts (D:5)
  3 ogres
  A scorpion (D:5)
  2 hounds (D:5)
  An orc priest (D:4)
  A jelly (D:5)
  3 iguanas
  3 orc wizards
  4 gnolls (D:4)
  6 adders
  2 worms
  3 dart slugs
  7 orcs
  5 ball pythons
  3 endoplasms
  3 giant cockroaches
  10 goblins
  6 hobgoblins
  3 jackals (D:4)
  3 quokkas
  4 bats
  5 frilled lizards
  6 kobolds
  3 rats
90 creatures vanquished.

Notes
Turn   | Place    | Note
-------+----------+-------------------------------------------
     0 | D:1      | qw the Gargoyle Hexslinger began the quest for the Orb.
     0 | D:1      | Reached XP level 1. HP: 12/12 MP: 2/2
     0 | D:1      | 0 ||| qw: Version: 0.3-a-52-g30416fa
     0 | D:1      | 0 ||| qw: Game counter: 5584
     0 | D:1      | 0 ||| qw: Melee chars always use a shield: true
     0 | D:1      | 0 ||| qw: God list: Okawaru
     0 | D:1      | 0 ||| qw: Allow faded altars: false
     0 | D:1      | 0 ||| qw: Do Orc after clearing Dungeon:15 true
     0 | D:1      | 0 ||| qw: Do second Lair branch before Depths: true
     0 | D:1      | 0 ||| qw: Lair rune preference: random
     0 | D:1      | 0 ||| qw: Goals: Normal
     0 | D:1      | 0 ||| PLANNING D:1-11
   170 | D:1      | Reached XP level 2. HP: 16/16 MP: 3/3
   489 | D:1      | Reached skill level 3 in Ranged Weapons
   613 | D:1      | 613 ||| READING scroll labelled QAPTAE ATZOM PEP.
   618 | D:1      | 618 ||| READING 3 scrolls labelled SUEWYIHUEPN.
   619 | D:1      | 619 ||| READING 3 scrolls labelled WENINU UGOSHE.
   620 | D:1      | 620 ||| READING 2 scrolls of identify.
   620 | D:1      | 620 ||| IDENTIFYING pink potion
   621 | D:1      | 621 ||| DROPPING scroll of poison.
   622 | D:1      | 622 ||| DROPPING 2 scrolls of fog.
   717 | D:2      | Reached XP level 3. HP: 21/21 MP: 4/4
  1267 | D:2      | 1267 ||| UPGRADING to +0 leather armour.
  1277 | D:2      | 1277 ||| DROPPING +0 robe.
  1278 | D:2      | 1278 ||| UPGRADING to +0 ring mail.
  1288 | D:2      | 1288 ||| DROPPING +0 leather armour.
  1289 | D:2      | 1289 ||| UPGRADING to +6 ring of dexterity.
  1290 | D:2      | 1290 ||| READING scroll labelled KEYMAS NAILIRCH.
  1291 | D:2      | 1291 ||| READING scroll labelled ISEILY VEIGIP.
  1292 | D:2      | 1292 ||| READING scroll labelled OSAPOT FUKHLY.
  1293 | D:2      | 1293 ||| READING 2 scrolls of identify.
  1293 | D:2      | 1293 ||| IDENTIFYING green potion
  1368 | D:3      | Reached XP level 4. HP: 26/26 MP: 5/5
  1412 | D:3      | Reached skill level 4 in Ranged Weapons
  1423 | D:3      | Reached skill level 1 in Armour
  1732 | D:3      | Identified the +4 spear of the Fulmar {heavy, Stlth+}
  1822 | D:3      | Reached XP level 5. HP: 30/30 MP: 6/6
  2094 | D:3      | 2094 ||| UPGRADING to +0 cloak.
  2099 | D:3      | 2099 ||| UPGRADING to ring of resist corrosion.
  2100 | D:3      | 2100 ||| READING scroll labelled ATE RIUPOUMATH.
  2101 | D:3      | 2101 ||| READING scroll labelled WAOROZI GUWKIZEX.
  2102 | D:3      | 2102 ||| DRINKING 2 red potions.
  2103 | D:3      | 2103 ||| READING 5 scrolls of identify.
  2103 | D:3      | 2103 ||| IDENTIFYING sapphire potion
  2104 | D:3      | 2104 ||| READING 4 scrolls of identify.
  2104 | D:3      | 2104 ||| IDENTIFYING fizzy blue potion
  2105 | D:3      | 2105 ||| READING 3 scrolls of identify.
  2105 | D:3      | 2105 ||| IDENTIFYING metallic sapphire potion
  2106 | D:3      | 2106 ||| READING 2 scrolls of identify.
  2106 | D:3      | 2106 ||| IDENTIFYING emerald potion
  2107 | D:3      | 2107 ||| DROPPING potion of invisibility.
  2108 | D:3      | 2108 ||| DROPPING potion of ambrosia.
  2109 | D:3      | 2109 ||| DROPPING potion of degeneration.
  2208 | D:4      | Reached skill level 5 in Ranged Weapons
  2254 | D:4      | Noticed an ogre
  2259 | D:4      | Killed an ogre
  2260 | D:4      | Reached skill level 3 in Fighting
  2260 | D:4      | Reached XP level 6. HP: 38/38 MP: 7/7
  2551 | D:4      | Noticed Sigmund
  2560 | D:4      | 2560 ||| DRINKING potion of curing.
  2560 | D:4      | 2560 ||| (to cure confusion)
  2561 | D:4      | Killed Sigmund
  2562 | D:4      | Reached skill level 6 in Ranged Weapons
  2562 | D:4      | Reached XP level 7. HP: 38/42 MP: 8/8
  2798 | D:4      | 2798 ||| READING scroll labelled CAUKUMOAHU.
  2804 | D:5      | Entered Level 5 of the Dungeon
  2804 | D:5      | Found a large runed translucent door.
  2804 | D:5      | Found a large runed translucent door.
  2886 | D:5      | Reached skill level 7 in Ranged Weapons
  2921 | D:5      | Reached XP level 8. HP: 18/48 MP: 9/9
  3068 | D:5      | 3068 ||| FLEEEEING.
  3069 | D:5      | 3069 ||| FLEEEEING.
  3070 | D:5      | 3070 ||| FLEEEEING.
  3071 | D:5      | 3071 ||| FLEEEEING.
  3077 | D:5      | 3077 ||| FLEEEEING.
  3078 | D:5      | 3078 ||| FLEEEEING.
  3079 | D:5      | 3079 ||| FLEEEEING.
  3080 | D:5      | 3080 ||| FLEEEEING.
  3081 | D:5      | 3081 ||| FLEEEEING.
  3082 | D:5      | 3082 ||| FLEEEEING.
  3083 | D:5      | 3083 ||| FLEEEEING.
  3084 | D:5      | 3084 ||| FLEEEEING.
  3085 | D:5      | 3085 ||| FLEEEEING.
  3086 | D:5      | 3086 ||| FLEEEEING.
  3087 | D:5      | 3087 ||| FLEEEEING.
  3088 | D:5      | 3088 ||| FLEEEEING.
  3089 | D:5      | 3089 ||| FLEEEEING.
  3090 | D:5      | 3090 ||| FLEEEEING.
  3091 | D:5      | 3091 ||| FLEEEEING.
  3118 | D:5      | Reached skill level 8 in Ranged Weapons
  3179 | D:5      | HP: 8/49 [centaur/+5 heavy spear (8)]
  3180 | D:5      | 3180 ||| READING scroll of teleportation.
  3180 | D:5      | Slain by a centaur

Levels and vault maps discovered:
D:1:      dpeg_arrival_rooms_with_view, layout_loops_ring
D:2:      layout_loops_ring
D:3:      layout_loops_ring, minmay_pentangle
D:4:      layout_basic, uniq_sigmund
D:5:      layout_cave_pools, minmay_hollow_rounded_squares

Skill      XL: |  1  2  3  4  5  6  7  8 |
---------------+-------------------------+-----
Ranged Weapons | 3 4 5 6 7 8 |  8.1
Fighting       | 2 3 4 5 |  5.0
Armour         | 1 |  1.6
Dodging        | 2 |  2.4
Spellcasting   | |  1.0
Hexes          | |  2.6

Action                     |  1- 3 |  4- 6 |  7- 9 || total
---------------------------+-------+-------+-------++-------
   Fire: Sling             |    67 |   130 |   102 ||   299
    Use: Scroll            |     8 |     6 |     2 ||    16
         Potion            |       |     2 |       ||     2
 Armour: Robe              |     3 |       |       ||     3
         Ring mail         |       |    36 |    50 ||    86
  Dodge: Dodged            |    10 |    35 |    51 ||    96

Table legend:
 A = Non-vault XP
 B = Vault XP
 C = Vault XP percentage of total XP
 D = Non-vault monster count
 E = Vault monster count
 F = Vault count percentage of total count
                 A         B        C        D         E       F
            +---------+---------+-------+---------+---------+-------
      Total |    1226 |     340 |  21.7 |      76 |      14 |  15.6
            +---------+---------+-------+---------+---------+-------
        D:1 |      16 |       4 |  20.0 |      10 |       2 |  16.7
        D:2 |      53 |       0 |   0.0 |      20 |       0 |   0.0
        D:3 |     110 |      48 |  30.4 |      18 |       8 |  30.8
        D:4 |     329 |     223 |  40.4 |      19 |       1 |   5.0
        D:5 |     718 |      65 |   8.3 |       9 |       3 |  25.0
            +---------+---------+-------+---------+---------+-------
